 Dungeon Crawl Stone Soup version 0.23.1 (webtiles) character file.

Game seed: 6803554697209411215

3741 Fang the Fighter (level 10, -3/65 HPs)
             Began as a Gargoyle Berserker on Mar 19, 2019.
             Was an Elder of Trog.
             Splashed by Maurice's acid (9 damage)
             ... on level 8 of the Dungeon.
             The game lasted 00:06:31 (7753 turns).

Fang the Fighter (Gargoyle Berserker)               Turns: 7753, Time: 00:06:32

Health: -3/65      AC: 18    Str: 24    XL:     10   Next: 15%
Magic:  10/10      EV: 11    Int:  8    God:    Trog [****..]
Gold:   343        SH:  0    Dex:  9    Spells: 9/9 levels left

rFire    . . .     SeeInvis .   a - +0 hand axe
rCold    . . .     Gourm    .   (no shield)
rNeg     + . .     Faith    .   s - +0 chain mail
rPois    ∞         Spirit   .   (no helmet)
rElec    +         Reflect  .   (no cloak)
rCorr    .         Harm     .   (no gloves)
MR       .....                  (no boots)
Stlth    ..........             (no amulet)
HPRegen  0.20/turn              (no ring)
MPRegen  0.12/turn              (no ring)

@: berserk cooldown, slowed, very slow
A: negative energy resistance 1, electricity resistance, unbreathing,
petrification resistance, rot immunity, AC +7
a: Berserk, Trog's Hand, Brothers in Arms, Renounce Religion


You were on level 8 of the Dungeon.
You worshipped Trog.
Trog was greatly pleased with you.
You were very hungry.

You visited 2 branches of the dungeon, and saw 9 of its levels.

You collected 343 gold pieces.

Inventory:

Hand Weapons
 a - a +0 hand axe (weapon)
Armour
 s - a +0 chain mail (worn)
Jewellery
 x - an uncursed amulet of rage {unknown}
Wands
 b - a wand of polymorph (10)
 y - a wand of flame (22)
 C - a wand of paralysis (5)
Scrolls
 e - 7 scrolls of remove curse {unknown}
 g - a scroll of enchant weapon {unknown}
 h - 2 scrolls of amnesia {unknown}
 i - 3 scrolls of blinking {unknown}
 j - 2 scrolls of enchant armour {unknown}
 l - 4 scrolls of teleportation {unknown}
 n - a scroll of random uselessness {unknown}
 p - 6 scrolls of identify {unknown}
 u - a scroll of summoning {unknown}
 B - a scroll of noise {unknown}
Potions
 d - 4 potions of curing {unknown}
 f - 2 potions of invisibility {unknown}
 k - 3 potions of magic {unknown}
 m - a potion of mutation {unknown}
 o - 2 potions of degeneration {unknown}
 q - a potion of heal wounds {unknown}
 r - 2 potions of flight {unknown}
 t - a potion of lignification {unknown}
 v - a potion of resistance {unknown}
 w - a potion of might {unknown}
 z - a potion of haste {unknown}
Comestibles
 c - 8 rations


   Skills:
 + Level 8.5 Fighting
 + Level 7.1 Axes
 + Level 8.1 Armour
 + Level 6.1 Dodging


You had 9 spell levels left.
You didn't know any spells.
Your spell library was empty.

Dungeon Overview and Level Annotations

Branches:
Dungeon (8/15)             Temple (1/1) D:5
   Lair: D:8-11

Altars:
Gozag
Qazlal
Vehumet

Shops:
D:6 %

Annotations:
D:8 Maurice


Innate Abilities, Weirdness & Mutations

You are resistant to torment.
Your stone body is resilient. (AC +7)
You are immune to poison.
You resist negative energy. (rN+)
You are resistant to electric shocks. (rElec)
You can survive without breathing.
You are immune to petrification.
You are immune to rotting.


Message History

You are exhausted.
You feel yourself slow down.
Maurice appears from thin air!
Reactivating autopickup.
You closely miss Maurice. Maurice hits you but does no damage.
Maurice mumbles some strange words.
Maurice flickers and vanishes!
Deactivating autopickup; reactivate with Ctrl-A.
You miss something.
You are no longer corroded.
You hear some strange, mumbled words.
You hear a zap.
A bolt of acid appears from out of thin air!
The bolt of acid misses you.
You hear a zap.
A bolt of acid appears from out of thin air!
The bolt of acid hits you!
* * * LOW HITPOINT WARNING * * *
You are splashed with acid!
You die...

#.# #.# #.## #.# #.. # #.#
##.##.# #.# ####...#.# #.#
#......... #.#
#.##...###...
#########.#####.#.........#
#............†@..{..#
#.###############.### #.#
#.# #.# #.# #.# ...


There were no monsters in sight!

Vanquished Creatures
  Pikel (D:6)
  A hornet (D:8)
  Grinder (D:3)
  Sigmund (D:6)
  A hungry ghost (D:7)
  A water moccasin (D:5)
  Duvessa (D:5)
  A slave (D:6)
  3 sky beasts
  An ice beast (D:6)
  A hornet zombie (D:6)
  4 phantoms
  3 ogres
  2 centaurs (D:6)
  A bullfrog (D:5)
  Dowan (D:6)
  2 scorpions
  3 wights (D:7)
  2 crimson imps (D:5)
  A bullfrog zombie (D:5)
  A quasit (D:6)
  Crazy Yiuf (D:3)
  A centaur zombie (D:6)
  2 hounds
  5 orc priests
  A jelly (D:3)
  5 orc wizards
  Jessica (D:3)
  A worker ant (D:5)
  An iguana (D:6)
  A hound skeleton (D:7)
  4 gnolls (D:4)
  7 adders
  2 shadow imps (D:5)
  2 oozes
  An adder skeleton (D:6)
  3 worms
  4 dart slugs
  4 leopard geckos
  9 orcs
  5 bats
  8 giant cockroaches
  2 goblins
  3 hobgoblins
  8 jackals
  10 kobolds
  2 quokkas
  2 ball pythons
  6 frilled lizards
  6 rats
140 creatures vanquished.

Vanquished Creatures (others)
  An orc priest (D:6)
  A shadow imp (D:6)
  3 jackals (D:6)
  A quokka (D:6)
6 creatures vanquished.

Grand Total: 146 creatures vanquished

Notes
Turn   | Place    | Note
-------+----------+-------------------------------------------
     0 | D:1      | Fang the Gargoyle Berserker began the quest for the Orb.
     0 | D:1      | Reached XP level 1. HP: 14/14 MP: 1/1
   109 | D:1      | Reached XP level 2. HP: 11/19 MP: 2/2
   377 | D:1      | Reached XP level 3. HP: 16/23 MP: 3/3
  1036 | D:2      | Reached ** piety under Trog
  1451 | D:2      | Reached XP level 4. HP: 29/29 MP: 4/4
  1773 | D:3      | Found a radiant altar of Vehumet.
  1847 | D:3      | Reached XP level 5. HP: 31/33 MP: 5/5
  2058 | D:3      | Found a runed translucent door.
  2059 | D:3      | Noticed Crazy Yiuf
  2196 | D:3      | Noticed Grinder
  2199 | D:3      | Paralysed by Grinder for 3 turns
  2207 | D:3      | Paralysed by Grinder for 6 turns
  2218 | D:3      | Killed Grinder
  2218 | D:3      | Reached XP level 6. HP: 33/39 MP: 6/6
  2449 | D:3      | Killed Crazy Yiuf
  2654 | D:3      | Noticed Jessica
  2667 | D:3      | Killed Jessica
  2803 | D:4      | Reached skill level 5 in Fighting
  2803 | D:4      | Reached XP level 7. HP: 36/44 MP: 7/7
  3570 | D:4      | Reached skill level 5 in Armour
  3709 | D:4      | Reached *** piety under Trog
  3859 | D:5      | Entered Level 5 of the Dungeon
  3972 | D:5      | Noticed Duvessa
  3972 | D:5      | Noticed Dowan
  3980 | D:5      | Reached XP level 8. HP: 51/51 MP: 8/8
  3985 | D:5      | Reached skill level 5 in Axes
  4011 | D:5      | Killed Duvessa
  4015 | D:6      | Killed Dowan
  4745 | D:5      | Found a staircase to the Ecumenical Temple.
  4784 | Temple   | Entered the Ecumenical Temple
  5023 | D:5      | Reached XP level 9. HP: 56/56 MP: 9/9
  5189 | D:6      | Noticed Pikel
  5251 | D:5      | Reached skill level 5 in Dodging
  5436 | D:6      | Killed Pikel
  5672 | D:6      | Found Roev's Food Shop.
  6338 | D:6      | Noticed Sigmund
  6368 | D:6      | Killed Sigmund
  6482 | D:6      | Found an opulent altar of Gozag.
  6600 | D:6      | Found a stormy altar of Qazlal.
  6601 | D:6      | Found an opulent altar of Gozag.
  7037 | D:7      | Reached XP level 10. HP: 64/64 MP: 10/10
  7427 | D:7      | Reached **** piety under Trog
  7715 | D:8      | Noticed Maurice
  7753 | D:8      | Splashed by Maurice's acid

Skill      XL: |  1  2  3  4  5  6  7  8  9 10 |
---------------+-------------------------------+-----
Axes           | 3 4 5 6 7 |  7.1
Dodging        | 2 3 4 5 6 |  6.1
Armour         | 3 4 5 6 7 8 |  8.1
Fighting       | 4 5 6 8 |  8.5

Action                   |  1- 3 |  4- 6 |  7- 9 | 10-12 || total
-------------------------+-------+-------+-------+-------++-------
Melee: Hand axe          |   126 |   121 |   561 |    98 ||   906
       Unarmed           |       |     5 |       |       ||     5
Invok: Berserk           |     1 |     3 |     3 |     1 ||     8
       Trog's Hand       |       |     1 |     1 |       ||     2
 Stab: Sleeping          |     1 |       |       |       ||     1
  Eat: Chunk             |     3 |     3 |    18 |     2 ||    26
       Ration            |       |     1 |     2 |       ||     3
Armor: Animal skin       |    13 |       |       |       ||    13
       Scale mail        |    50 |    52 |    41 |       ||   143
       Chain mail        |       |       |   408 |    53 ||   461
Dodge: Dodged            |    70 |    70 |   304 |    49 ||   493
